[Event "Late-Titled-Tuesday-Blitz-April-16-2024"]
[Site "Chess.com"]
[Date "2024.04.16"]
[Round "7"]
[White "Navyblue1"]
[Black "CMButgood"]
[Result "0-1"]
[WhiteElo "2233"]
[BlackElo "2053"]
[TimeControl "180+1"]
[EndTime "15:14:00 PDT"]
[Termination "CMButgood won by resignation"]

1. d4 Nf6 2. c4 g6 3. Nc3 d5 4. Nf3 Bg7 5. Qb3 dxc4 6. Qxc4 O-O 7. e4 Nc6 8. d5 Na5 9. Qd3 c6 10. dxc6 Nxc6 11. a3 Bg4 12. h3 Qxd3 13. Bxd3 Bxf3 14. gxf3 Rfd8 15. Be2 Nd4 16. Bd1 Rac8 17. Be3 Nh5 18. f4 e6 19. O-O Nf6 20. Kg2 Ne8 21. Ba4 Nd6 22. Rad1 Nc4 23. e5 Nf5 24. Bxa7 Nxb2 25.
Rxd8+ Rxd8 26. Bb3 Bf8 27. a4 Nd3 28. Be3 Nh4+ 29.
Kg3 Nf5+ 30. Kg2 Bh6 31. Ne4 Bxf4 32. Nf6+ Kg7 33. Bxf4 Nxf4+ 34. Kf3 Nd3 35. Ng4 h5 36. Nf6 Nxe5+ 0-1

[Event "Late-Titled-Tuesday-Blitz-April-16-2024"]
[Site "Chess.com"]
[Date "2024.04.16"]
[Round "7"]
[White "GAO"]
[Black "youngdinousaur"]
[Result "1-0"]
[WhiteElo "2300"]
[BlackElo "2221"]
[TimeControl "180+1"]
[EndTime "15:14:01 PDT"]
[Termination "GAO won by resignation"]

1. e4 c5 2. Nf3 e6 3. c3 Nf6 4. e5 Nd5 5. d4 cxd4 6. cxd4 d6 7. a3 Bd7 8. Bd3 Bc6 9. O-O Nd7 10. Bc2 Be7 11.
Qd3 dxe5 12. dxe5 Nc5 13. Qe2 a5 14. Nbd2 O-O 15. Nc4 b5 16. Ncd2 b4 17. Ne4 g6 18.
Bh6 Re8 19. Rfd1 Qb6 20. Rac1 Nxe4 21. Bxe4 bxa3 22. bxa3 Bxa3 23. Rb1 Qa6 24. Bd3 Qa7 25. Be4 Be7 26. Nd4 Bb7 27. Nb5 Qa6 28. Qf3 Rec8 29. Nd6 Bxd6 30. exd6 Qxd6 31. Rxb7 Rc7 32. Rxc7 Qxc7 33.
Bxd5 1-0

[Event "Late-Titled-Tuesday-Blitz-April-16-2024"]
[Site "Chess.com"]
[Date "2024.04.16"]
[Round "7"]
[White "Sanyura"]
[Black "szachmistrz2500"]
[Result "1-0"]
[WhiteElo "2606"]
[BlackElo "2455"]
[TimeControl "180+1"]
[EndTime "15:14:02 PDT"]
[Termination "Sanyura won by resignation"]

1. e4 c5 2. Nf3 d6 3. d4 cxd4 4. Nxd4 Nf6 5. Nc3 a6 6. g3 e6 7. Bg2 Be7 8. O-O Qc7 9. h3 Bd7 10. Qe2 Nc6 11. Rd1 Nxd4 12. Rxd4 Bc6 13. Bg5 h6 14. Be3 e5 15. Rd2 b5 16. a3 O-O 17.
Rad1 Rab8 18. g4 a5 19. h4 b4 20. axb4 axb4 21. Nd5 Nxd5 22. exd5 Bb5 23. Qf3 f5 24. gxf5 Bd7 25. Bh3 Qd8 26. Qg2 Kh8 27. Qg6 Rf6 28.
Qh5 Qf8 29. Kh2 Bxf5 30. Rg1 Bxh3 31. Kxh3 Rf3+ 32. Kh2 Qf6 33. Rg6 Qxh4+ 34. Qxh4 Bxh4 35. Rxd6 Rbf8 36. Kg2 Be7 37. Re6 Bf6 38. d6 Rf5 39. d7 Bd8 40. Bc5 Rg8 41. Bxb4 Rf6 42. Rxe5 Rb6 43.
Be7 Rxb2 44. Bxd8 1-0

[Event "Late-Titled-Tuesday-Blitz-April-16-2024"]
[Site "Chess.com"]
[Date "2024.04.16"]
[Round "7"]
[White "th3d4rkness"]
[Black "Giantgoogachess"]
[Result "0-1"]
[WhiteElo "2132"]
[BlackElo "2293"]
[TimeControl "180+1"]
[EndTime "15:14:02 PDT"]
[Termination "Giantgoogachess won by resignation"]

1. e4 c6 2. d4 d5 3. e5 g6 4. h3 Bg7 5. f4 h5 6. Nf3 Nh6 7. Bd3 Bf5 8. O-O e6 9. c3 Bxd3 10. Qxd3 Nf5 11. b4 Nd7 12. a4 a6 13. a5 h4 14. Nbd2 Qc7 15. Nb3 O-O-O 16. Nc5 Nxc5 17. bxc5 Kb8 18. Bd2 Ka7 19. Rfb1 Bh6 20. Rb6 Rb8 21. c4 Rhd8 22. cxd5 Rxd5 23. Rab1 Bf8 24. Qc4 Be7 25. Be1 Qd7 26. Bf2 Bd8 27. Kh2 Qc7 28. Qb4 Rd7 29. Nd2 Ne7 30. Qb3 Nd5 31. Nc4 Nxf4 32. Nd6 Nd5 33.
Qd3 Be7 34. Rxb7+ Rxb7 35. Rxb7+ Qxb7 36. Nxb7 Rxb7 37. Qf3 Bg5 38. Qg4 Bf4+ 39. Kh1 Rb1+ 40. Bg1 Be3 41. Qxh4 Bxg1 42. Qh7 Bxd4+ 43. Kh2 Bxe5+ 44.
g3 Rb2+ 45. Kg1 Bd4+ 46. Kh1 Rb1+ 47. Kg2 Ne3+ 48. Kf3 Rf1+ 49. Ke4 Bxc5 50. h4 Nd5 51. g4 Nf6+ 0-1

[Event "Late-Titled-Tuesday-Blitz-April-16-2024"]
[Site "Chess.com"]
[Date "2024.04.16"]
[Round "7"]
[White "SergioMoralesG"]
[Black "Stanbad1"]
[Result "0-1"]
[WhiteElo "2438"]
[BlackElo "2634"]
[TimeControl "180+1"]
[EndTime "15:14:03 PDT"]
[Termination "Stanbad1 won by resignation"]

1. d4 Nf6 2. c4 c5 3. d5 b5 4.
cxb5 a6 5. bxa6 g6 6. Nc3 Bg7 7. e4 O-O 8. Nf3 Qa5 9. Bd2 Bxa6 10. Bxa6 Qxa6 11. Qe2 d6 12. Qxa6 Nxa6 13. O-O Rfb8 14.
b3 Nb4 15. a4 Nc2 16. Rab1 Na3 17. Rbc1 Rxb3 18. e5 Nd7 19. exd6 exd6 20. Ne4 Bf8 21. a5 f5 22. Neg5 Nf6 23. Rfd1 Nxd5 24. Ne6 Be7 25. Bg5 Bxg5 26. Nfxg5 Nc3 27. Re1 h6 28. Nh3 Ne4 29. f3 Nf6 30. Red1 Nb5 31.
Ra1 Kf7 32. Nef4 Nd4 33. Nf2 g5 34. N4d3 Nd5 35. Re1 Nb4 36. Nxb4 Rxb4 37. Nd3 Rb5 38. a6 Rb6 39. a7 Rb7 40. Ra6 Rd7 41. Rb1 Raxa7 42. Rab6 Rac7 43. h3 c4 44. Nb4 c3 45.
Nd5 c2 46. Re1 c1=Q 47. Rxc1 Rxc1+ 48. Kf2 Rc2+ 49. Ke3 Ne6 50. Nb4 Rxg2 0-1

[Event "Late-Titled-Tuesday-Blitz-April-16-2024"]
[Site "Chess.com"]
[Date "2024.04.16"]
[Round "7"]
[White "Lennis93"]
[Black "TigrVShlyape"]
[Result "0-1"]
[WhiteElo "2755"]
[BlackElo "2935"]
[TimeControl "180+1"]
[EndTime "15:14:04 PDT"]
[Termination "TigrVShlyape won on time"]

1. Nf3 Nf6 2. d4 d5 3. c4 c6 4. Qc2 g6 5. e3 Bg7 6. Nc3 O-O 7. Be2 Qb6 8. O-O Bf5 9. Qa4 Bg4 10. h3 Bxf3 11. Bxf3 e6 12. Rb1 Nbd7 13. b3 Rfd8 14. Rd1 a5 15. Ba3 Bf8 16. Bxf8 Rxf8 17. Qa3 Rfd8 18.
Rd2 Qa7 19. Rbd1 Nb6 20. Be2 Qb8 21. f4 Qc7 22. Rc2 Qb8 23. Qc5 Nc8 24. Bf3 Nd6 25.
Na4 b5 26. Nb2 Nfe4 27. Qa3 b4 28. Qa4 Nc3 29. Rxc3 bxc3 30. Nd3 Ra6 31. Ne5 Qb4 32. c5 Nf5 33. Be2 c2 34. Ra1 Qc3 0-1

[Event "Late-Titled-Tuesday-Blitz-April-16-2024"]
[Site "Chess.com"]
[Date "2024.04.16"]
[Round "7"]
[White "Akhayan"]
[Black "Aragon"]
[Result "1-0"]
[WhiteElo "2399"]
[BlackElo "2093"]
[TimeControl "180+1"]
[EndTime "15:14:05 PDT"]
[Termination "Akhayan won by resignation"]

1. e4 a6 2. d4 b5 3. Nf3 Bb7 4.
Bd3 e6 5. h4 Nf6 6. Bg5 Be7 7.
Nbd2 d5 8. e5 Nfd7 9. Qe2 c5 10.
c3 Nc6 11. O-O h6 12. Bf4 g5 13. hxg5 hxg5 14. Be3 Qb6 15. dxc5 Bxc5 16. Bxc5 Qxc5 17. Nxg5 Ncxe5 18. Ndf3 Nxd3 19. Qxd3 Rg8 20. b4 Qe7 21.
Qh7 Rxg5 22. Qh8+ Nf8 23. Nxg5 Qxg5 24. a4 O-O-O 25. Qd4 Nd7 26. axb5 axb5 27. Ra7 Rg8 28. g3 e5 29. Qd3 Qf6 30. Rfa1 Qb6 31. R1a5 e4 32.
Qd4 Rxg3+ 33. fxg3 Qxd4+ 34. cxd4 Bc6 35. Ra1 1-0

[Event "Late-Titled-Tuesday-Blitz-April-16-2024"]
[Site "Chess.com"]
[Date "2024.04.16"]
[Round "7"]
[White "katharinareinecke"]
[Black "Hakiki_satranc"]
[Result "0-1"]
[WhiteElo "2022"]
[BlackElo "2424"]
[TimeControl "180+1"]
[EndTime "15:14:05 PDT"]
[Termination "Hakiki_satranc won on time"]

1. d4 Nf6 2. Nf3 b6 3. g3 Bb7 4. Bg2 d6 5. O-O Nbd7 6. c4 Ne4 7. Nc3 Nxc3 8. bxc3 Be4 9. a4 a5 10. Ba3 e6 11. Nd2 Bxg2 12. Kxg2 Be7 13. f3 O-O 14. e4 f5 15. h3 c5 16. d5 e5 17. Ra2 Bg5 18.
Bc1 Bxd2 19. Bxd2 fxe4 20. fxe4 Rxf1 21. Qxf1 Qe7 22. h4 Rf8 23. Bg5 Qe8 24. Rf2 h6 25. Rxf8+ Nxf8 26. Be3 Qxa4 27. Qf5 Qd7 28. Qh5 b5 29.
cxb5 Qxb5 30. Bxh6 gxh6 31. Qxh6 Qe2+ 32. Kh3 Qxe4 33.
Qxd6 Qf5+ 34. Kg2 e4 35. Qxc5 Qf3+ 36. Kh2 e3 37. d6 e2 38. Qg5+ Kh8 39. Qh6+ Nh7 0-1

[Event "Late-Titled-Tuesday-Blitz-April-16-2024"]
[Site "Chess.com"]
[Date "2024.04.16"]
[Round "7"]
[White "GWR2024"]
[Black "expii"]
[Result "0-1"]
[WhiteElo "2152"]
[BlackElo "2209"]
[TimeControl "180+1"]
[EndTime "15:14:05 PDT"]
[Termination "expii won by checkmate"]

1. e4 c5 2. Nc3 d6 3. f4 Nc6 4. Nf3 g6 5. Bc4 Bg7 6. d3 e6 7. O-O Nge7 8. f5 gxf5 9. Qe1 O-O 10. Qh4 fxe4 11. dxe4 Ng6 12. Qh5 Nce5 13. Bg5 f6 14.
Be2 fxg5 15. Nxg5 h6 16. Rxf8+ Qxf8 17. Rf1 Qe7 18. Nf7 Nxf7 19. Qxg6 Ne5 20. Qg3 Bd7 21. Bh5 Rf8 22. Rd1 Be8 23. Be2 Nc6 24. Rxd6 Kh8 25. Rd1 Bd4+ 26. Kh1 Qf6 27. h3 Bg6 28.
Nb5 Bxe4 29. Nxd4 Nxd4 30. Rf1 Nxe2 31. Rxf6 Nxg3+ 32. Kh2 Rxf6 33. Kxg3 Bxc2 34. Kh4 Be4 35. Kh5 Kg7 36. g4 Rf3 37. h4 Rg3 38. g5 Bf3# 0-1

[Event "Late-Titled-Tuesday-Blitz-April-16-2024"]
[Site "Chess.com"]
[Date "2024.04.16"]
[Round "7"]
[White "Byniolus"]
[Black "djano"]
[Result "1-0"]
[WhiteElo "2836"]
[BlackElo "2619"]
[TimeControl "180+1"]
[EndTime "15:14:07 PDT"]
[Termination "Byniolus won by resignation"]

1. d4 d6 2. Nf3 g6 3. Bf4 Bg7 4. e3 Nd7 5. h3 e5 6. Bh2 Nh6 7. Be2 O-O 8. O-O b6 9. c3 Bb7 10. a4 e4 11. Nfd2 a6 12. c4 f5 13. Nc3 Nf7 14. a5 bxa5 15. Qa4 Qg5 16. Qxa5 Nb6 17. c5 dxc5 18. Qxc5 Rac8 19. Bxa6 Bxa6 20. Rxa6 Qh4 21. Ra7 Nd7 22. Qc6 Nf6 23. Rxc7 Rxc7 24. Qxc7 g5 25. Ra1 Qh5 26. Nc4 f4 27. Ne5 f3 28. Ra7 fxg2 29. Nxf7 Qxh3 30. Nxg5 Qh6 31. Qxg7+ Qxg7 32. Rxg7+ 1-0

[Event "Late-Titled-Tuesday-Blitz-April-16-2024"]
[Site "Chess.com"]
[Date "2024.04.16"]
[Round "7"]
[White "Bykov_Egor"]
[Black "kingofthenil"]
[Result "0-1"]
[WhiteElo "2604"]
[BlackElo "2800"]
[TimeControl "180+1"]
[EndTime "15:14:07 PDT"]
[Termination "kingofthenil won by resignation"]

1. d4 d5 2. c4 e6 3. Nf3 Nf6 4. Nc3 h6 5. Qc2 Nc6 6. cxd5 exd5 7. Bf4 Bd6 8. Bxd6 Qxd6 9. e3 O-O 10. a3 Bg4 11.
Be2 Bxf3 12. Bxf3 Ne7 13. O-O c6 14. b4 a6 15. Na4 Nc8 16. Nc5 Qe7 17. e4 dxe4 18.
Nxe4 Nxe4 19. Bxe4 Nd6 20. Bf3 Rad8 21. Rfd1 Qf6 22.
d5 cxd5 23. Bxd5 Rfe8 24. Rac1 Nb5 25. Qd3 Rd7 26. a4 Nd4 27. Qxd4 Re1+ 28. Rxe1 Qxd4 29. Be4 g6 30. Rb1 Re7 31. Bf3 Rxe1+ 32. Rxe1 Qxb4 33. Re8+ Kg7 34. g3 Qxa4 35. Rb8 b5 36. Rb7 Qa1+ 37.
Kg2 Qd4 38. Rb6 Qxb6 0-1

[Event "Late-Titled-Tuesday-Blitz-April-16-2024"]
[Site "Chess.com"]
[Date "2024.04.16"]
[Round "7"]
[White "albi1999"]
[Black "RantomOpening"]
[Result "1/2-1/2"]
[WhiteElo "2673"]
[BlackElo "2540"]
[TimeControl "180+1"]
[EndTime "15:14:07 PDT"]
[Termination "Game drawn by repetition"]

1. d4 d5 2. Nc3 Nf6 3. Bf4 a6 4. e3 e6 5. g4 Bd6 6. g5 Ng8 7. Qf3 Ne7 8. Bd3 c5 9. h4 Nbc6 10. dxc5 Bxc5 11. Qg3 d4 12. exd4 Bxd4 13. Nge2 e5 14.
Nxd4 exf4 15. Nxc6 fxg3 16. Nxd8 gxf2+ 17. Kxf2 Kxd8 18. Rad1 Kc7 19. Rhe1 Be6 20. Bc4 Nf5 21. Bxe6 fxe6 22. Rxe6 Rad8 23. Rxd8 Rxd8 24. h5 Rd2+ 25. Re2 Rxe2+ 26.
Nxe2 Kd6 27. Kf3 Ke5 28. c3 Nd6 29. Nd4 Nf5 30. Nb3 Nd6 31. Nc5 Kf5 32. g6 hxg6 33.
hxg6 Kxg6 34. a4 Kf5 35. b4 g5 36. Ke3 Kg4 37. Ne6 Kh4 38. Kd4 g4 39. Kd5 g3 40.
Nf4 Kg4 41. Ne2 Nf5 42. Nxg3 Kxg3 43. a5 Kf4 44. c4 Ne3+ 45. Kc5 Ke5 46. b5 Ke6 47.
bxa6 bxa6 48. Kb6 Kd6 49. Kxa6 Kc6 50. Ka7 Kc7 51. Ka6 Kc6 52. Ka7 Kc7 53. Ka6 Nf5 54. Kb5 Nd6+ 55. Kb4 Kc6 56. c5 Nc8 57. a6 Na7 58.
Kc4 Nb5 59. Kb4 Na7 60. Kc4 Nb5 61. Kb4 Na7 1/2-1/2

[Event "Late-Titled-Tuesday-Blitz-April-16-2024"]
[Site "Chess.com"]
[Date "2024.04.16"]
[Round "7"]
[White "zverr1"]
[Black "Nf3c5"]
[Result "0-1"]
[WhiteElo "2510"]
[BlackElo "2654"]
[TimeControl "180+1"]
[EndTime "15:14:09 PDT"]
[Termination "Nf3c5 won by checkmate"]

1. e4 c5 2. Nf3 Nc6 3. d4 cxd4 4.
Nxd4 e5 5. Nb5 d6 6. N1c3 a6 7. Na3 Be6 8. Nc4 Rb8 9. Ne3 Nf6 10. Ned5 Bxd5 11. exd5 Ne7 12. a4 Qa5 13. Bc4 b5 14.
axb5 Qxa1 15. bxa6 g6 16. O-O Bg7 17. Bb5+ Nd7 18.
Be3 Qa5 19. a7 Ra8 20. Qa1 Qc7 21. Qa4 Nc8 22. Bc6 Rxa7 23. Bxa7 Nxa7 24. Ra1 Nxc6 25. dxc6 Nb8 26. Nb5 Qxc6 27. Nxd6+ Ke7 28. Qa7+ Nd7 29. Rd1 Ra8 30. Qe3 Qxd6 31. Rxd6 Ra1+ 32. Qe1 Rxe1# 0-1

[Event "Late-Titled-Tuesday-Blitz-April-16-2024"]
[Site "Chess.com"]
[Date "2024.04.16"]
[Round "7"]
[White "Korchmar_Vasiliy"]
[Black "FuenfgegenWilly"]
[Result "0-1"]
[WhiteElo "2708"]
[BlackElo "2472"]
[TimeControl "180+1"]
[EndTime "15:14:11 PDT"]
[Termination "FuenfgegenWilly won on time"]

1. d4 d5 2. c4 e5 3. e4 dxe4 4. d5 Nf6 5. Nc3 Bc5 6. Nge2 e3 7. Bxe3 Bxe3 8. fxe3 a5 9. Ng3 Na6 10. Be2 Nc5 11.
O-O h5 12. Qc2 g6 13. Rad1 h4 14. Nge4 Nfxe4 15. Nxe4 Nxe4 16. Qxe4 Qe7 17. c5 Bf5 18. Rxf5 gxf5 19. Qxf5 Rh6 20. Bh5 Rf6 21. Qc2 Rd8 22. Qa4+ Kf8 23. Qxa5 b6 24. cxb6 Rxb6 25. Qd2 Qg5 26.
Bf3 Kg7 27. Qf2 Rf6 28. Qe2 Rfd6 29. h3 f5 30. Qc4 e4 31. Be2 R8d7 0-1

[Event "Late-Titled-Tuesday-Blitz-April-16-2024"]
[Site "Chess.com"]
[Date "2024.04.16"]
[Round "7"]
[White "steepedgames"]
[Black "Ramil_Faizrakhmanov"]
[Result "0-1"]
[WhiteElo "2498"]
[BlackElo "2876"]
[TimeControl "180+1"]
[EndTime "15:14:12 PDT"]
[Termination "Ramil_Faizrakhmanov won on time"]

1. d4 Nf6 2. Bg5 d5 3. Bxf6 exf6 4. c4 dxc4 5. Nc3 c6 6. a4 Bb4 7. e3 Be6 8. Ne2 Nd7 9. Nf4 Nb6 10. Be2 Nd5 11. Nxe6 fxe6 12. O-O Bxc3 13. bxc3 Nxc3 14.
Qc2 Nxe2+ 15. Qxe2 Qd5 16. Rfd1 b5 17. e4 Qd7 18. d5 O-O 19. dxc6 Qxc6 20. axb5 Qxb5 21. Rd6 a5 22. Rxe6 a4 23. h3 a3 24. Ra2 Qb1+ 25. Kh2 Rfc8 26. Re7 Qb8+ 27. g3 Ra7 28. Rxa7 Qxa7 29.
Qc2 c3 30. Qb3+ Kh8 31. Qe6 Qc5 32. Rc2 h6 33. h4 Qc4 34. Qd7 a2 35. Rxa2 c2 36.
Ra7 Rg8 37. Rc7 c1=Q 38. Rxc4 Qxc4 0-1

[Event "Late-Titled-Tuesday-Blitz-April-16-2024"]
[Site "Chess.com"]
[Date "2024.04.16"]
[Round "7"]
[White "2Coaches1Profile"]
[Black "prochn"]
[Result "0-1"]
[WhiteElo "2560"]
[BlackElo "2451"]
[TimeControl "180+1"]
[EndTime "15:14:12 PDT"]
[Termination "prochn won by resignation"]

1. e4 c6 2. Nf3 d5 3. exd5 cxd5 4. Ne5 Nc6 5. d4 Nf6 6. c3 a6 7. Bd3 g6 8. O-O Bg7 9. f4 O-O 10. Nd2 Bf5 11. Bxf5 gxf5 12. Rf3 e6 13. b3 Rc8 14. Ba3 Re8 15. Rh3 Nxe5 16. fxe5 Ne4 17. Nxe4 dxe4 18. Qh5 h6 19. Bd6 Qg5 20. Qe2 Kh7 21. Kh1 Rg8 22.
Rh5 Qg6 23. c4 f4 24. Re1 f3 25.
Qxe4 fxg2+ 26. Kg1 f5 27. exf6 Bxf6 28. Qxg6+ Rxg6 29. Be5 Bg5 30. Bg3 Rd8 31. Re4 Rxd4 32. Rxd4 Be3+ 33.
Bf2 Bxf2+ 34. Kxf2 g1=Q+ 0-1

[Event "Late-Titled-Tuesday-Blitz-April-16-2024"]
[Site "Chess.com"]
[Date "2024.04.16"]
[Round "7"]
[White "Tugrik1969"]
[Black "1800_strength"]
[Result "0-1"]
[WhiteElo "2505"]
[BlackElo "2729"]
[TimeControl "180+1"]
[EndTime "15:14:14 PDT"]
[Termination "1800_strength won on time"]

1. d4 Nf6 2. c4 a6 3. Nc3 b6 4. Nf3 Bb7 5. g3 g6 6. Bg2 Bg7 7. O-O O-O 8. Re1 Ne4 9. Bd2 Nxd2 10. Qxd2 d6 11. e4 Nd7 12. Rad1 e5 13. b3 Re8 14. h3 exd4 15. Nxd4 Nc5 16. Nd5 c6 17. Nc3 b5 18.
b4 Nd7 19. cxb5 cxb5 20. Nd5 Rc8 21. Nb3 Ne5 22. Rc1 Nc4 23. Qd3 Qg5 24. h4 Qe5 25. Bh3 f5 26. exf5 Qxd5 27. Qxd5+ Bxd5 28. f6 Bxf6 29. Bxc8 Rxc8 30. Rcd1 Bf3 31. Rd3 Bg4 32.
f3 Bf5 33. Rd5 h5 34. Nd4 Bd7 35. Ne6 Kf7 36. Ng5+ Bxg5 37. hxg5 Bc6 38. Rd3 Ne5 39. Rde3 Nxf3+ 40. Rxf3+ Bxf3 41. Rf1 Rc3 0-1

[Event "Late-Titled-Tuesday-Blitz-April-16-2024"]
[Site "Chess.com"]
[Date "2024.04.16"]
[Round "7"]
[White "Cluke86"]
[Black "ACollins05"]
[Result "0-1"]
[WhiteElo "2348"]
[BlackElo "2522"]
[TimeControl "180+1"]
[EndTime "15:14:14 PDT"]
[Termination "ACollins05 won on time"]

1. e4 a6 2. d4 b5 3. c4 Bb7 4. f3 bxc4 5. Bxc4 e6 6. Ne2 Nf6 7. Nbc3 d5 8. Bd3 c5 9. e5 Nfd7 10. f4 Nc6 11. Be3 Qb6 12. Na4 Qa5+ 13. Bd2 Qc7 14.
Rc1 c4 15. Bb1 Nb6 16. Nc5 Bxc5 17. dxc5 Nd7 18. Be3 Na7 19. b4 cxb3 20. axb3 Nb5 21. O-O Bc6 22. b4 g6 23. Bf2 Qb7 24. Bh4 Na3 25.
Bd3 Qxb4 26. Be1 Qb7 27. Rf3 Rc8 28. Ba5 Bb5 29. Bb4 Bxd3 30. Bxa3 Bc4 31. Nd4 Nxc5 32. f5 exf5 33. e6 Nxe6 34. Re3 Qa7 35. Kh1 Kd7 36. Nc2 Rhe8 37. Re5 Nf4 38. Nb4 Rxe5 39.
Qa4+ Bb5 0-1

[Event "Late-Titled-Tuesday-Blitz-April-16-2024"]
[Site "Chess.com"]
[Date "2024.04.16"]
[Round "7"]
[White "giovannibrandao7"]
[Black "teresin05"]
[Result "1-0"]
[WhiteElo "2238"]
[BlackElo "2316"]
[TimeControl "180+1"]
[EndTime "15:14:16 PDT"]
[Termination "giovannibrandao7 won by checkmate"]

1. e4 c5 2. Nf3 Nc6 3. b3 Nf6 4. Nc3 e6 5. Bb2 d5 6. exd5 exd5 7. Bb5 Bd7 8. O-O Be7 9. d4 cxd4 10. Nxd4 O-O 11. Bxc6 bxc6 12. Nf3 Re8 13. Ne2 Ne4 14. Ng3 Bf6 15. Bxf6 Qxf6 16. Nxe4 Rxe4 17. Qd2 Rae8 18. Rad1 Bg4 19. Qd3 Rf4 20. Rde1 Rf8 21. Ne5 Bf5 22. Qd2 Re4 23. Rxe4 Bxe4 24. Nd7 Qg6 25.
f3 Bxc2 26. Nxf8 Kxf8 27. Rc1 Bf5 28. Qb4+ Ke8 29. Re1+ Be6 30. Qb7 a5 31. Qa8+ Ke7 32.
Qxc6 Qd3 33. Qc5+ Kf6 34. Qxa5 g6 35. Qc5 Qd2 36. Qe3 Qxa2 37. Qe5+ Ke7 38. Ra1 Qxb3 39. Ra7+ Kd8 40. Qh8# 1-0

[Event "Late-Titled-Tuesday-Blitz-April-16-2024"]
[Site "Chess.com"]
[Date "2024.04.16"]
[Round "7"]
[White "Kiborg95"]
[Black "Tolyanius"]
[Result "0-1"]
[WhiteElo "2839"]
[BlackElo "2640"]
[TimeControl "180+1"]
[EndTime "15:14:17 PDT"]
[Termination "Tolyanius won by resignation"]

1. e4 e5 2. Nf3 Nc6 3. Bc4 Nf6 4. d3 Bc5 5. O-O d6 6. c3 Bb6 7. a4 a5 8. Re1 Ne7 9. d4 O-O 10. h3 Ng6 11. Bd3 h6 12. Be3 c6 13. Nbd2 Bc7 14.
Bc2 Nh7 15. Nf1 Ng5 16. N3h2 Ne6 17. Ng3 Nef4 18. Ng4 Qh4 19. Nf5 Nxh3+ 20. gxh3 Qxh3 21. dxe5 Nh4 22. Nxh4 Bxg4 23. f3 Qg3+ 24. Ng2 Bxf3 25. Qd2 dxe5 26. Qf2 Qh3 27. Bc5 Rfd8 28. Bb3 b6 29. Be3 Rd6 30. Bd1 Bxe4 31. Bc1 Bxg2 32. Qxg2 Rg6 0-1

[Event "Late-Titled-Tuesday-Blitz-April-16-2024"]
[Site "Chess.com"]
[Date "2024.04.16"]
[Round "7"]
[White "Zhigalko_Sergei"]
[Black "diokletian"]
[Result "0-1"]
[WhiteElo "2905"]
[BlackElo "2685"]
[TimeControl "180+1"]
[EndTime "15:14:20 PDT"]
[Termination "diokletian won on time"]

1. e4 e6 2. d4 d5 3. e5 c5 4. c3 Nc6 5. Nf3 Bd7 6. Be2 Nge7 7.
Na3 cxd4 8. cxd4 Nf5 9. Nc2 Qb6 10. O-O Na5 11. g4 Ne7 12. Nfe1 Bb5 13. Nd3 h5 14. gxh5 Nf5 15. Be3 Nc4 16. Bg4 Ncxe3 17. fxe3 Nxe3 18.
Nxe3 Qxd4 19. Qf3 Bxd3 20. Qxf7+ Kd8 21. Qxe6 Bb5 22. Rae1 Be7 23. Rf4 Qxf4 24. Qxd5+ Kc7 25. Qxb5 Rad8 26. Bh3 Kb8 27. Bg2 Qb4 28. Qxb4 Bxb4 29. Re2 Bc5 30. Kh1 Bxe3 31. Rxe3 Rd1+ 0-1

[Event "Late-Titled-Tuesday-Blitz-April-16-2024"]
[Site "Chess.com"]
[Date "2024.04.16"]
[Round "7"]
[White "Hirna2005"]
[Black "albayo"]
[Result "1-0"]
[WhiteElo "2366"]
[BlackElo "2509"]
[TimeControl "180+1"]
[EndTime "15:14:23 PDT"]
[Termination "Hirna2005 won by resignation"]

1. e4 d5 2. Nc3 dxe4 3. Nxe4 Nf6 4. Nxf6+ exf6 5. Nf3 Bd6 6. Bc4 O-O 7. O-O Nc6 8.
h3 a6 9. d4 b5 10. Bd3 Bb7 11. c3 Ne7 12. Re1 Ng6 13. a4 b4 14. Qb3 Bxf3 15.
gxf3 bxc3 16. bxc3 Qd7 17. Bf1 Qf5 18. c4 Nh4 19. Re3 Rfe8 20. Qb7 Rab8 21. Qd5 Qg6+ 22.
Kh1 Rxe3 23. Bxe3 Rb1 24. Rxb1 Qxb1 25. Kg1 Qd1 26. f4 Nf3+ 27. Kg2 Ne1+ 28. Kg1 Nf3+ 29. Kg2 Nd2 30. Bd3 Nb3 31. Bf5 g6 32. Bg4 f5 33.
Bxd1 1-0

[Event "Late-Titled-Tuesday-Blitz-April-16-2024"]
[Site "Chess.com"]
[Date "2024.04.16"]
[Round "7"]
[White "StopLookingAtMyProfile"]
[Black "emeli_chess"]
[Result "0-1"]
[WhiteElo "2337"]
[BlackElo "2463"]
[TimeControl "180+1"]
[EndTime "15:14:23 PDT"]
[Termination "emeli_chess won by resignation"]

1. e4 c5 2. Nf3 d6 3. d4 cxd4 4. Nxd4 Nf6 5. Nc3 a6 6. Bc4 e6 7. O-O Qc7 8. Bb3 Nbd7 9. Re1 Nc5 10. Bg5 Be7 11. Qf3 O-O 12. Rad1 Nxb3 13. axb3 Bd7 14. Qg3 Kh8 15. Be3 Bc6 16. Nxc6 Qxc6 17. Bd4 b5 18. b4 Qc4 19. f4 Qxb4 20. e5 dxe5 21. fxe5 Bc5 22. Qe3 Bxd4 23. Rxd4 Qxb2 24. exf6 gxf6 25.
Qf4 f5 26. Qe5+ f6 27. Qe3 Rac8 28. Ne2 Rxc2 29. Rd3 Qe5 30. Qxe5 fxe5 31. Nc3 e4 32. Rh3 Rd8 33. Ra1 Rdd2 34. Rxa6 Rxg2+ 35. Kf1 Rxh2 36.
Rg3 Rc1+ 0-1

[Event "Late-Titled-Tuesday-Blitz-April-16-2024"]
[Site "Chess.com"]
[Date "2024.04.16"]
[Round "7"]
[White "IMGC"]
[Black "IMRosen"]
[Result "1-0"]
[WhiteElo "2491"]
[BlackElo "2716"]
[TimeControl "180+1"]
[EndTime "15:14:31 PDT"]
[Termination "IMGC won on time"]

1. d4 d5 2. Nf3 Nf6 3. e3 c5 4. dxc5 e6 5. a3 Bxc5 6. b4 Be7 7. c4 O-O 8. Bb2 a5 9. b5 b6 10. Nc3 Bb7 11. cxd5 Nxd5 12. Nxd5 Bxd5 13. Nd4 Bf6 14.
Bd3 Nd7 15. O-O Nc5 16. Bc2 Rc8 17. Rc1 g6 18. Qg4 Bg7 19. Rfd1 Qe7 20. Bb1 Nd7 21.
e4 Ne5 22. Qe2 Bc4 23. Qe3 Rfd8 24. h3 g5 25. a4 h6 26. Ba3 Qf6 27. Nc6 Nxc6 28.
bxc6 Rxd1+ 29. Rxd1 Rxc6 30. e5 Qxe5 31. Rd8+ Bf8 32.
Qxe5 1-0

[Event "Late-Titled-Tuesday-Blitz-April-16-2024"]
[Site "Chess.com"]
[Date "2024.04.16"]
[Round "7"]
[White "masnyszachistaaa"]
[Black "jbking07"]
[Result "1-0"]
[WhiteElo "2573"]
[BlackElo "2425"]
[TimeControl "180+1"]
[EndTime "15:14:31 PDT"]
[Termination "masnyszachistaaa won by resignation"]

1. c4 Nf6 2. Nf3 e6 3. d4 d5 4. Nc3 Bb4 5. cxd5 exd5 6. Bg5 O-O 7. e3 c6 8. Qc2 h6 9. Bh4 Re8 10. Bd3 Nbd7 11. O-O Be7 12. Rab1 Nf8 13. b4 a6 14. a4 Ne4 15. Bxe7 Qxe7 16. Bxe4 dxe4 17. Nd2 Bf5 18. b5 axb5 19. axb5 Ng6 20. bxc6 bxc6 21. Rb6 Nh4 22. g3 Bh3 23. Rc1 Nf3+ 24. Nxf3 exf3 25. Rxc6 Qa3 26. Nb5 Qa2 27. Nc7 Reb8 28. Nxa8 Rb2 29. Qe4 g6 30.
Qxf3 Kg7 31. g4 Bxg4 32. Qxg4 Qxa8 33. Qf3 Qe8 34. Qf6+ Kg8 35. Rc8 1-0

[Event "Late-Titled-Tuesday-Blitz-April-16-2024"]
[Site "Chess.com"]
[Date "2024.04.16"]
[Round "7"]
[White "DanielNaroditsky"]
[Black "LyonBeast"]
[Result "1/2-1/2"]
[WhiteElo "3127"]
[BlackElo "3144"]
[TimeControl "180+1"]
[EndTime "15:14:36 PDT"]
[Termination "Game drawn by repetition"]

1. e4 c6 2. Nf3 d5 3. exd5 cxd5 4. d4 Nf6 5. Ne5 Nc6 6. Bb5 Bd7 7. Nxd7 Qxd7 8. O-O e6 9. c3 Bd6 10. Nd2 O-O 11.
Re1 Qc7 12. g3 a6 13. Bd3 e5 14. dxe5 Nxe5 15. Nf3 Nxd3 16. Qxd3 h6 17. Be3 Rfe8 18. Rad1 Rad8 19. Nd4 Bc5 20. Nf5 Qb6 21. Bxc5 Qxc5 22. Qf3 Qb6 23. b3 Re4 24. c4 Rxe1+ 25. Rxe1 dxc4 26. bxc4 Rd7 27. Ne7+ Kf8 28. Nf5 Qa5 29.
Re2 h5 30. Qf4 Nh7 31. Nd6 Nf6 32. Nf5 Nh7 33. c5 Qd8 34. Nd6 Nf6 35. Qb4 Kg8 36. Nxb7 Rd1+ 37. Re1 Rxe1+ 38. Qxe1 Qd5 39. Qe7 Qd1+ 40.
Kg2 Qd5+ 41. Kg1 Qd1+ 42. Kg2 Qd5+ 43. Kg1 1/2-1/2